 Dungeon Sprint DCSS version 0.30-a0-1161-g0704695555 (webtiles) character file.

Game seed: 17507107610159882734

9 sircluck the Chopper (level 2, 0/28 HPs)
             Began as a Hill Orc Berserker on Apr 27, 2023.
             Was a Follower of Trog.
             Killed from afar by an oklob sapling (28 damage)
             ... with a splash of acid
             ... in the Dungeon (Sprint IV: "Fedhas' Mad Dash").
             The game lasted 00:00:21 (93 turns).

sircluck the Chopper (Hill Orc Berserker)             Turns: 93, Time: 00:00:22

Health: 0/28       AC:  2    Str: 19    XL:     2   Next: 16%
Magic:  2/2        EV: 12    Int:  7    God:    Trog [*.....]
Gold:   0          SH:  0    Dex: 10    Spells: 1/1 levels left

rFire   . . .        a - +0 hand axe
rCold   . . .        (no shield)
rNeg    . . .        b - +0 animal skin
rPois   .            (no helmet)
rElec   .            (no cloak)
rCorr   .            (no gloves)
SInv    .            (no boots)
Will    .....        (no amulet)
Stlth   +            (no ring)
HPRegen 0.24/turn    (no ring)
MPRegen 0.08/turn

%: no teleportation
@: no status effects
A: no striking features
a: Renounce Religion, Berserk


You were in the Dungeon.
You worshipped Trog.
Trog was aware of your devotion.
You visited 1 branch

Inventory:

Hand Weapons
 a - a +0 hand axe (weapon)
Armour
 b - a +0 animal skin (worn)
 i - an orb of guile
Scrolls
 h - a scroll of blinking
Potions
 c - a potion of curing
 d - a potion of heal wounds
 e - a potion of haste
 f - 2 potions of magic
 g - a potion of berserk rage


   Skills:
 + Level 4.8 Fighting
 + Level 5.2 Axes
 + Level 2.5 Armour
 + Level 1.9 Dodging


You had one spell level left.
You didn't know any spells.
Your spell library was empty.

Dungeon Overview and Level Annotations

Branches:
Dungeon (1/1)

Altars:

Annotations:
D exclusion: oklob sapling


Message History

The river rat closely misses you. The river rat barely misses you.
You closely miss the river rat.
The river rat is heavily wounded.
The river rat barely misses you.
A red film seems to cover your vision as you go berserk!
You feel yourself moving faster!
You feel mighty!
The river rat bites you but does no damage.
You closely miss the river rat.
The river rat is heavily wounded.
You barely miss the river rat. You punch the river rat.
You kill the river rat!
Trog accepts your kill.
Your Fighting skill increases to level 4!
Your Axes skill increases to level 5!
You have reached level 2!
You start resting.
You feel a strong urge to attack something.
You start resting.
You feel your anger nearly subside.
You are no longer berserk.
You are exhausted.
You feel yourself slow down.
You start resting.
You feel yourself speed up.
Okay, then.
There is an open door here.
You see here an orb of guile.
i - an orb of guile You start resting.
You recover from your berserk rage.
You start resting.
HP restored.
You open the door.
An oklob sapling comes into view.
Marking area around an oklob sapling as unsafe for travelling.
Found 39 gold pieces.
No reachable target in view!
The oklob sapling spits acid at you. The splash of acid hits you!!
Ouch! That really hurt!
You die...

##################
#<...#.....#.$$$$#
#P...'.....@.#
#P...#.....#P#
##############


You could see an oklob sapling.

Vanquished Creatures
  A river rat (D)
  A rat (D)
2 creatures vanquished.

Vanquished Creatures (others)
  5 fungi (D)
5 creatures vanquished.

Grand Total: 7 creatures vanquished

Notes
Turn   | Place    | Note
-------+----------+-------------------------------------------
     0 | D        | sircluck the Hill Orc Berserker began the quest for the
                  | Orb.
     0 | D        | Reached XP level 1. HP: 19/19 MP: 1/1
    22 | D        | Reached skill level 5 in Axes
    22 | D        | Reached XP level 2. HP: 12/28 MP: 2/2
    92 | D        | Noticed an oklob sapling
    93 | D        | Killed from afar by an oklob sapling

Illustrated notes

Levels and vault maps discovered:
D:        dungeon_sprint_fedhas [sprint_temple]

Skill      XL: |  1 |
---------------+----+-----
Fighting       | 4 |  4.8
Axes           | 5 |  5.2
Armour         | |  2.5
Dodging        | |  1.9

Action                     || total
---------------------------++-------
  Melee: Hand axe          ||    13
         Punch             ||     1
 Invoke: Berserk           ||     1
 Armour: Animal skin       ||     3
  Dodge: Dodged            ||     8

Table legend: (Time is in decaauts)
 A = Elapsed time spent in this place.
 B = Non-inter-level travel time spent in this place.
 C = Inter-level travel time spent in this place.
 D = Time resting spent in this place.
 E = Time spent auto-exploring this place.
 F = Levels seen in this place.
 G = Mean time per level.
                   A        B        C        D        E       F      G
               +--------+--------+--------+--------+--------+-----+--------+
         Total |    106 |    106 |      0 |     74 |      3 |   1 |  106.0 |
       Dungeon |    106 |    106 |      0 |     74 |      3 |   1 |  106.0 |
               +--------+--------+--------+--------+--------+-----+--------+

Top non-repeatable levels by time:
       D: 106 daAuts
